 Dungeon Sprint DCSS version 0.29.1-2-gbd0b4ee654 (webtiles) character file.

Game seed: 10402466665982321734

7093 boopmooplesden the Stickfighter (level 10, -7/156 HPs)
             Began as a Minotaur Gladiator on Nov 29, 2022.
             Was an Elder of Trog.
             Mangled by a tentacle (9 damage)
             ... attached to a kraken
             ... in the Dungeon (Sprint II: "The Violet Keep of Menkaure").
             The game lasted 00:06:44 (2568 turns).

boopmooplesden the Stickfighter (MiGl)              Turns: 2568, Time: 00:06:44

Health: -7/156     AC: 14    Str: 20    XL:     10   Next: 84%
Magic:  9/9        EV: 10    Int: 11    God:    Trog [****..]
Gold:   303        SH:  0    Dex: 11    Spells: 9/9 levels left

rFire   + . .      SeeInvis +   j - +8 quarterstaff "Newtbane" {vorpal, rC++ Int+2}
rCold   + + +      Faith    .   (shield currently unavailable)
rNeg    . . .      Spirit   .   r - +1 plate armour {rC+}
rPois   .          Reflect  .   (helmet unavailable)
rElec   .          Harm     .   (no cloak)
rCorr   .          Rampage  .   (no gloves)
Will    .....      NoTele   +   (no boots)
Stlth   ..........              F - amulet of the acrobat
HPRegen 0.36/turn               v - ring of Bosemn {rF+ Slay+3 Stlth+}
MPRegen 0.11/turn               C - ring of see invisible

@: berserking (expiring), unable to drink, very quick
A: horns 3, retaliatory headbutt, clever 1, weak 1, inability to drink after
injury 1
a: Renounce Religion, Berserk, Trog's Hand, Brothers in Arms


You were in the Dungeon.
You worshipped Trog.
Trog was greatly pleased with you.
You visited 1 branch You collected 2073 gold pieces.
You spent 1770 gold pieces at shops.

Inventory:

Hand Weapons
 a - a +0 quarterstaff
 j - the +8 quarterstaff "Newtbane" (weapon) {vorpal, rC++ Int+2}
   (You bought it in a shop in the Dungeon)

   It inflicts extra damage upon your enemies.
   Int:       It affects your intelligence (+2).
   rC:        It greatly protects you from cold.
Missiles
 d - 3 throwing nets (quivered)
 e - a javelin
Armour
 b - a +0 leather armour
 c - a +0 hat
 g - the +3 chain mail of the Sheltering Gods {Harm Str-4 Slay+2}
   (You found it in the Dungeon)

   Str:       It affects your strength (-4).
   Slay:      It affects your accuracy & damage with ranged weapons and melee
   (+2).
   Harm:      It increases damage dealt and taken.
 l - the +2 robe of Sif Muna's Delight {Rampage *Slow rPois rF+}
   (You bought it in a shop in the Dungeon)

   rF:        It protects you from fire.
   rPois:     It protects you from poison.
   *Slow:     It may slow you when you take damage.
   Rampage:   It bestows one free step when moving towards enemies.
 r - a +1 plate armour of cold resistance (worn)
 s - a +1 hat
 B - a +1 pair of boots
Jewellery
 v - the ring of Bosemn (left hand) {rF+ Slay+3 Stlth+}
   (You bought it in a shop in the Dungeon)

   [ring of protection from fire]

   Slay:      It affects your accuracy & damage with ranged weapons and melee
   (+3).
   rF:        It protects you from fire.
   Stlth:     It makes you more stealthy.
 x - a ring of resist corrosion
 C - a ring of see invisible (right hand)
 F - an amulet of the acrobat (around neck)
Scrolls
 k - a scroll of blinking
 m - 3 scrolls of identify
 o - a scroll of silence {unknown}
 p - a scroll of fog {unknown}
 u - a scroll of amnesia
 w - a scroll of magic mapping
 y - a scroll of immolation
 D - a scroll of vulnerability
Potions
 f - a potion of curing
 h - 3 potions of resistance
 i - 5 potions of magic
 n - 2 potions of mutation
 q - a potion of haste
 t - 2 potions of might {unknown}
 A - 2 potions of invisibility {unknown}
 E - 3 potions of flight


   Skills:
 + Level 14.7 Fighting
 + Level 18.7 Staves
 + Level 6.4 Throwing
 + Level 8.1 Armour
 + Level 15.8 Dodging
 + Level 3.3 Stealth


You had 9 spell levels left.
You didn't know any spells.
Your spell library was empty.

Dungeon Overview and Level Annotations

Branches:
Dungeon (1/1)

Altars:
Cheibriados
Dithmenos
Elyvilon
Fedhas
Gozag
Hepliaklqana
Kikubaaqudgha
Makhleb
Nemelex Xobeh
Okawaru
Qazlal
Ru
Sif Muna
Trog
Uskayaw
Vehumet
Wu Jian
Xom
Yredelemnul
Zin
The Shining One
Jiyva
Lugonu

Shops:
D ([:[!=*=?*!*=::

Annotations:
D exclusions: obsidian statue and oklob plant, Roxanne


Innate Abilities, Weirdness & Mutations

You have a pair of large horns on your head.
You reflexively headbutt those who attack you in melee.
Your mind is acute. (Int +4, Str/Dex -1)
You are weak. (Str -2)
You occasionally lose the ability to drink potions when taking damage.


Message History

The kraken is moderately wounded.
The kraken bites you! The tentacle slaps you. The tentacle closely misses you.
You sock the kraken! You headbutt the kraken.
The kraken is moderately wounded.
The kraken bites you but does no damage.
You hit the kraken but do no damage.
The kraken is moderately wounded.
The tentacle slaps you! The tentacle closely misses you.
You hit the kraken.
The kraken is moderately wounded.
The kraken bites you but does no damage.
The tentacle barely misses you. You furiously retaliate!
You headbutt the tentacle! You hit the kraken.
You headbutt the kraken, but do no damage.
The kraken is heavily wounded.
The tentacle slaps you but does no damage.
You sock the kraken!
The kraken is heavily wounded.
The tentacle barely misses you. x2; The kraken bites you!
You bludgeon the kraken!!
The kraken is heavily wounded.
The tentacle slaps you! The tentacle completely misses you.
You bludgeon the kraken!!
The kraken is severely wounded.
The kraken bites you!
You bludgeon the kraken!!
The kraken is almost dead.
The tentacle closely misses you. The tentacle slaps you!
* * * LOW HITPOINT WARNING * * *
You thump the kraken!
The kraken is almost dead.
The kraken bites you!!!
You feel threatened and lose the ability to drink potions!
* * * LOW HITPOINT WARNING * * *
The tentacle slaps you but does no damage. x2
You hit the kraken. You headbutt the kraken!
The kraken is almost dead.
The tentacle slaps you!
You die...

.*,,#°)▓:......(▓▓,⌠,*,*,+~,,~+,*
.##.#||▓........▓▓,,,*,*,+~,,~+,*
...####▓)).(..((▓▓,,,*,*,+~,,~+,*
#..##.#▓........▓▓,,,*^*,+~,,~+,*
+..#..#▓.()..)..▓▓,,,*,*,+~,,~+,*
#..#).#▓......(.▓▓,⌠,*,*,*~,,~*,*
#..##.#▓.(..(.§§▓▓,,,*,*,*~,,~*,*
##...##▓▓▓▓▓▓▓§▓▓▓▓+▓*,***~,,~***
.~~~~~~~~~§§§~§§@Xw≈▓,,,,,,,,**
.~#'########§###www≈▓,,,,,,,**
.~#....._._#§§~##≈≈≈▓,,,,,,**
.~#...._._.#§§§≈####▓****~**
~~#..._._._#§~~§§##,,*,,*~*
~~#.._._._.#~~~≈≈≈#,,*,,*~*
§~#._._._._#~~~~§≈+,,+,,*~*
≈≈#_._._._.#~~~~≈~#,,*,,*~*
≈≈#._._._..#~§≈§≈≈▓,,*,,*~*


You could see a kraken and 4 tentacles.

Vanquished Creatures
  Kirke (D)
  A yaktaur captain (D)
  2 boulder beetles (D)
  A centaur warrior (D)
  A skeletal warrior (D)
  A merfolk siren (D)
  An elephant (D)
  A kobold demonologist (D)
  A yaktaur (D)
  A hornet (D)
  3 polar bears (D)
  2 wyverns (D)
  4 neqoxecs (D)
  Menkaure (D)
  4 water moccasins (D)
  A hell rat (D)
  A spectral adder (D)
  A spectral bat (D)
  3 tentacles (D)
31 creatures vanquished.

Vanquished Creatures (others)
  12 tentacles (D)
12 creatures vanquished.

Grand Total: 43 creatures vanquished

Notes
Turn   | Place    | Note
-------+----------+-------------------------------------------
     0 | D        | boopmooplesden the Minotaur Gladiator began the quest for
                  | the Orb.
     0 | D        | Reached XP level 1. HP: 18/18 MP: 0/0
     1 | D        | Noticed a boulder beetle
     1 | D        | Noticed a boulder beetle
     4 | D        | Noticed a neqoxec
     4 | D        | Noticed a neqoxec
     4 | D        | Noticed a neqoxec
     4 | D        | Noticed a neqoxec
     4 | D        | Gained mutation: You have a pair of large horns on your
                  | head. [a neqoxec]
     5 | D        | Gained mutation: You occasionally lose the ability to drink
                  | potions when taking damage. [a neqoxec]
     8 | D        | Gained mutation: You are weak. (Str -2) [a neqoxec]
    10 | D        | Killed a neqoxec
    11 | D        | Reached skill level 8 in Staves
    11 | D        | Reached XP level 2. HP: 28/28 MP: 1/1
    11 | D        | Reached XP level 3. HP: 34/34 MP: 2/2
    11 | D        | Reached XP level 4. HP: 41/41 MP: 3/3
    14 | D        | Gained mutation: Your mind is acute. (Int +4, Str/Dex -1)
                  | [a neqoxec]
    15 | D        | Killed a neqoxec
    16 | D        | Reached skill level 5 in Fighting
    16 | D        | Reached skill level 10 in Staves
    16 | D        | Reached XP level 5. HP: 50/50 MP: 4/4
    16 | D        | Killed a neqoxec
    17 | D        | Reached skill level 11 in Staves
    17 | D        | Reached XP level 6. HP: 58/58 MP: 5/5
    20 | D        | Killed a neqoxec
    21 | D        | Reached skill level 5 in Throwing
    21 | D        | Reached skill level 10 in Dodging
    70 | D        | Noticed a merfolk siren
    84 | D        | Killed a merfolk siren
    85 | D        | Reached skill level 13 in Staves
    85 | D        | Reached skill level 1 in Armour
    85 | D        | Reached XP level 7. HP: 68/68 MP: 6/6
    95 | D        | Noticed a wyvern
    95 | D        | Noticed a wyvern
    99 | D        | Killed a wyvern
   104 | D        | Killed a wyvern
   105 | D        | Reached XP level 8. HP: 29/75 MP: 7/7
   257 | D        | Found Weiw's Book Boutique.
   257 | D        | Found Extoep's General Store.
   257 | D        | Found Geesmu's Magic Scroll Boutique.
   257 | D        | Found Zauzah's General Store.
   258 | D        | Found Piggeph's Book Shop.
   258 | D        | Found Zutesigg's Distillery.
   258 | D        | Found Riceifum's Jewellery Shop.
   259 | D        | Found Sicesh's Jewellery Boutique.
   259 | D        | Found Ziyg Iri's Assorted Antiques.
   259 | D        | Found Gudiseapp's Jewellery Boutique.
   259 | D        | Noticed Menkaure
   259 | D        | Noticed a slime creature
   259 | D        | Noticed a slime creature
   272 | D        | Killed Menkaure
   273 | D        | Reached skill level 14 in Staves
   274 | D        | Found Saagycat's Distillery.
   274 | D        | Found Domaeboc's Antique Armour Boutique.
   274 | D        | Noticed a slime creature
   274 | D        | Noticed an oklob plant
   275 | D        | Found Teuguez's Antique Armour Shop.
   275 | D        | Found Oguiz's Antique Weapon Boutique.
   275 | D        | Found Suel's Book Shoppe.
   280 | D        | Noticed an iron elemental
   283 | D        | Bought a pitted quarterstaff for 252 gold pieces
   283 | D        | Identified the +8 quarterstaff "Newtbane" {vorpal, rC++
                  | Int+2} (You bought it in a shop in the Dungeon)
   286 | D        | Bought a twisted robe for 148 gold pieces
   286 | D        | Identified the +2 robe of Sif Muna's Delight {Rampage *Slow
                  | rPois rF+} (You bought it in a shop in the Dungeon)
   426 | D        | Identified Roxanne's Codex of Terrain
   426 | D        | Noticed Roxanne
   436 | D        | Found a snail-covered altar of Cheibriados.
   437 | D        | Found a shadowy altar of Dithmenos.
   438 | D        | Found a white marble altar of Elyvilon.
   438 | D        | Found an ancient bone altar of Kikubaaqudgha.
   438 | D        | Found a viscous altar of Jiyva.
   439 | D        | Found a blossoming altar of Fedhas.
   439 | D        | Found a corrupted altar of Lugonu.
   439 | D        | Found a shimmering blue altar of Sif Muna.
   440 | D        | Found an opulent altar of Gozag.
   440 | D        | Found a burning altar of Makhleb.
   440 | D        | Found a bloodstained altar of Trog.
   441 | D        | Found a sparkling altar of Nemelex Xobeh.
   441 | D        | Found a hide-covered altar of Uskayaw.
   442 | D        | Found an iron altar of Okawaru.
   442 | D        | Found a radiant altar of Vehumet.
   442 | D        | Found a glowing silver altar of Zin.
   443 | D        | Noticed a yaktaur
   443 | D        | Noticed a hornet
   443 | D        | Noticed a polar bear
   443 | D        | Noticed a polar bear
   446 | D        | Killed a polar bear
   447 | D        | Noticed a polar bear
   455 | D        | Killed a polar bear
   456 | D        | Reached skill level 15 in Staves
   458 | D        | Killed a polar bear
   459 | D        | Reached skill level 10 in Fighting
   459 | D        | Reached XP level 9. HP: 35/85 MP: 8/8
   466 | D        | Killed a yaktaur
   467 | D        | Reached skill level 16 in Staves
   813 | D        | Found a basalt altar of Yredelemnul.
   815 | D        | Found a hazy altar of Hepliaklqana.
   815 | D        | Found a sacrificial altar of Ru.
   815 | D        | Found a shimmering altar of Xom.
   816 | D        | Found a stormy altar of Qazlal.
   816 | D        | Found an ornate altar of the Wu Jian Council.
   816 | D        | Found a glowing golden altar of the Shining One.
   824 | D        | Became a worshipper of Trog the Wrathful
   838 | D        | Noticed a kraken
   868 | D        | Reached * piety under Trog
   881 | D        | Noticed an ice statue
  1300 | D        | Identified a scroll of acquirement
  1300 | D        | Acquired 860 gold pieces
  1948 | D        | Killed a boulder beetle
  1949 | D        | Reached skill level 1 in Stealth
  1953 | D        | Killed a boulder beetle
  1954 | D        | Reached skill level 17 in Staves
  1954 | D        | Reached skill level 5 in Armour
  1954 | D        | Reached XP level 10. HP: 99/99 MP: 9/9
  1991 | D        | Bought a shiny plate armour for 754 gold pieces
  2004 | D        | Bought the ring of Bosemn {rF+ Slay+3 Stlth+} for 616 gold
                  | pieces
  2024 | D        | Noticed an obsidian statue
  2027 | D        | Noticed Kirke
  2027 | D        | Noticed a skeletal warrior
  2027 | D        | Noticed a yaktaur captain
  2040 | D        | Noticed a manticore
  2041 | D        | Killed a yaktaur captain
  2041 | D        | Reached ** piety under Trog
  2042 | D        | Reached skill level 15 in Dodging
  2045 | D        | Killed a skeletal warrior
  2046 | D        | Noticed a centaur warrior
  2047 | D        | Noticed an elephant
  2054 | D        | Killed Kirke
  2054 | D        | Reached *** piety under Trog
  2055 | D        | Reached skill level 18 in Staves
  2065 | D        | Killed a centaur warrior
  2070 | D        | Reached **** piety under Trog
  2079 | D        | Killed an elephant
  2524 | D        | Identified the +3 chain mail of the Sheltering Gods {Harm
                  | Str-4 Slay+2}
  2567 | D        | HP: 2/156 [kraken (43)]
  2568 | D        | Mangled by a tentacle

Illustrated notes

Levels and vault maps discovered:
D:        the_violet_keep_of_menkaure [sprint2_stairs_cluster_1,
          sprint2_shoproom, sprint2_temple, sprint2_basic_supplies,
          sprint2_obstacle_6, sprint2_obstacle_2, sprint2_obstacle_3,
          sprint2_obstacle_4, sprint2_obstacle_7, sprint2_timed_cluster_1,
          sprint2_smallroom_cluster_1, sprint2_smallroom_final_cluster_1,
          sprint2_transparent_cluster_1, sprint2_second_timed_cluster_1,
          sprint2_sniper_area_1, sprint2_heavy_combat_area_1,
          sprint2_mutation_trap_area_1, sprint2_forest_area_1,
          sprint2_light_combat_area_1, sprint2_behind_water_1,
          sprint2_near_end_vault_1]

Skill      XL: |  1  2  3  4  5  6  7  8  9 10 |
---------------+-------------------------------+-----
Fighting       | 4 5 6 8 10 12 14 | 14.7
Staves         | 8 10 11 13 15 17 18 | 18.7
Throwing       | 3 4 5 6 |  6.4
Dodging        | 7 8 9 11 12 13 14 15 | 15.8
Armour         | 1 2 3 5 8 |  8.1
Stealth        | 1 3 |  3.3

Action                   |  1- 3 |  4- 6 |  7- 9 | 10-12 || total
-------------------------+-------+-------+-------+-------++-------
Melee: Quarterstaff      |     5 |    22 |    70 |    50 ||   147
       Headbutt          |     2 |     3 |    12 |    11 ||    28
Invok: Berserk           |       |       |     1 |     2 ||     3
  Use: Potion            |     1 |       |     1 |     4 ||     6
       Scroll            |       |       |     9 |       ||     9
Armor: Robe              |       |       |     3 |       ||     3
       Plate armour      |       |       |       |    22 ||    22
Dodge: Dodged            |     1 |     3 |    51 |    19 ||    74
